[Event "FIDE Women Candidates 2026"]
[White "Muzychuk,Anna"]
[Black "Lagno,Kateryna"]
[Site "Agios Georgios Pegeia"]
[Round "4.1"]
[Annotator "TA"]
[Result "1-0"]
[Date "2026.04.01"]
[WhiteElo "2522"]
[BlackElo "2508"]
[PlyCount "63"]
[TimeControl "60"]

1. e4 e5 2. Nf3 Nc6 3. Bb5 a6 4. Ba4 Nf6 5. O-O Be7 6. Bxc6 dxc6 7. d3 Qd6 {[%emt 0:1:43] C85: Closed Ruy Lopez: Deferred Exchange Variation.} 8. a4 Be6 9. Na3 $146 ({Predecessor:} 9. b3 Nd7 10. Ng5 a5 11. Ba3 c5 12. Nxe6 Qxe6 13. Nc3 c6 14. Ne2 O-O 15. Bb2 {½-½ Grischuk,A (2686)-Sapenov,D (2462) Almaty Shimbulak Blitz 2025 (10)} )h6 {[%emt 0:5:44] The position is equal.} 10. Nd2 O-O-O (10... Qd8 $11 {deserves consideration.} )11. Ndc4 $16 Bxc4 12. Nxc4 Qe6 13. Qe2 Nd7 14. Bd2 b6 15. b4 {[%emt 0:8:25] White is more active.} Kb7 16. Rfb1 Ra8 17. Qe1 h5 18. b5 (18. Qc1 $16 )cxb5 $11 19. axb5 a5 20. Bxa5 bxa5 21. Nxa5+ Kc8 22. Nc6 Rxa1 23. Rxa1 Nb6 {[%emt 0:0:8] Prevents Ra8+} 24. Qe3 Bd6 25. c4 {[%emt 0:12:49][%mdl 1024] White has compensation.} Qh6 26. Qh3+ Qe6 {[%emt 0:0:5] [#] aiming for ...Qxh3.} 27. Qe3 $36 {[%emt 0:0:23][%mdl 2048] White has some pressure.} Qh6 28. d4 exd4 $2 {[%emt 0:12:22] Loses the game.} (28... Qxe3 $11 {and Black is okay.} 29. fxe3 exd4 (29... Nxc4 $2 {is the wrong capture.} 30. Ra8+ Kd7 31. Rxh8 $18 )30. exd4 Re8 )29. Qxd4 $18 Kb7 $2 (29... Re8 {keeps fighting.} )30. c5 Ra8 (30... Bxc5 $142 31. Qxc5 Qd6 32. Qxd6 cxd6 33. Ra7+ Kc8 34. Rxf7 g5 )31. cxd6 Qxd6 32. Rxa8 {[%emt 0:0:41] Weighted Error Value: White=0.11 (very precise) /Black=0.72   Loses game:     	---       	Black=1      Mistake:       	White=1     	Black=3      Inaccurate:     	White=1     	Black=2      OK:         	White=4     	Black=1      Best:        	---       	Black=2} 1-0

[Event "FIDE Women Candidates 2026"]
[White "Assaubayeva,Bibisara"]
[Black "Tan,Zhongyi"]
[Site "Agios Georgios Pegeia"]
[Round "4.2"]
[Annotator "TA"]
[Result "1/2-1/2"]
[Date "2026.04.01"]
[WhiteElo "2516"]
[BlackElo "2535"]
[PlyCount "91"]
[TimeControl "60"]

1. d4 d5 2. c4 e6 3. Nf3 c5 4. cxd5 exd5 5. g3 Nf6 6. Bg2 Be7 7. O-O O-O 8. Nc3 Nc6 9. Bg5 c4 $1 {[%emt 0:0:7][%mdl 4] is currently scoring better than 9...cxd4.} 10. Rc1 {[%emt 0:5:56] D34: Tarrasch Defence: 6 g3 Nf6 7 Bg2 Be7.} h6 11. Bxf6 Bxf6 12. b3 {[%emt 0:5:3] White is slightly better.} cxb3 13. Qxb3 {[%emt 0:1:51] White sacrificed a pawn} Bxd4 14. Nxd4 $146 ({But not} 14. Qxd5 $6 Bxc3 15. Qxd8 Rxd8 $15 )(14. Nxd5 Be6 15. e4 (15. Qxb7 Bxd5 16. Nxd4 Nxd4 $17 )Bb6 $11 )({Predecessor:} 14. Nxd5 Be6 15. e4 Bb6 16. Rfd1 Rc8 17. Qa3 Bxd5 18. Rxd5 Qe7 19. Qxe7 Nxe7 20. Rdd1 {1-0 Kuznetsov,M (2246)-Mohammed,Z (2210) Titled Tuesday intern op 29th Aug Early blitz 2023 (3)} )Nxd4 15. Qa4 Nc6 16. Nxd5 Be6 17. Rfd1 Rc8 18. e3 Qe8 19. Qb5 {[%emt 0:21:27] White has more active pieces.} Bg4 {[%emt 0:3:6][%csl Od5] Strong Square White (d5)} 20. Re1 Ne5 21. Qxb7 {[%emt 0:13:0] Ne7+ is the strong threat.} Rb8 22. Qxa7 (22. Qa6 $16 )Nd3 $11 {[%emt 0:14:28][%csl LRc1,LRe1] [#]} 23. Qd4 $1 {[%emt 0:1:13][%csl LRd3,LRg4] Inhibits Qe5.} Bf5 24. Rb1 Nxe1 25. Rxb8 Qxb8 26. Ne7+ Kh8 27. Nxf5 {[%emt 0:0:4][%csl Gf5][%cal Rd4g7] [#]} Nf3+ 28. Bxf3 Qb1+ 29. Kg2 Qxf5 {[%emt 0:0:6][%mdl 4096] Endgame KQR-KQB} 30. a4 Qa5 {[%emt 0:2:16] Prevents Qa7.} 31. Qd7 f5 {[%emt 0:1:26] Prevents Be4} 32. h4 Rd8 33. Qe7 Rc8 34. Qe6 Rf8 35. Qd7 Rd8 36. Qe7 Rc8 37. Qf7 Rd8 {[%emt 0:3:55] The position is equal.} 38. h5 Qxa4 39. Qxf5 Qd7 40. Qg6 Qd6 41. Be4 Qxg6 42. Bxg6 Kg8 43. f4 Kf8 44. Kf3 Ke7 45. g4 Kf6 46. Be4 {[%emt 0:0:9] Weighted Error Value: White=0.07 (flawless) /Black=0.03 (flawless)   Mistake:       	White=1     	---        Inaccurate:     	---       	Black=2      OK:         	White=8     	Black=9      Best:        	---       	Black=1} 1/2-1/2

[Event "FIDE Women Candidates 2026"]
[White "Vaishali,Rameshbabu"]
[Black "Goryachkina,Aleksandra"]
[Site "Agios Georgios Pegeia"]
[Round "4.3"]
[Annotator "TA"]
[Result "1/2-1/2"]
[Date "2026.04.01"]
[WhiteElo "2470"]
[BlackElo "2534"]
[PlyCount "54"]
[TimeControl "60"]

1. e4 e5 2. Nf3 Nc6 3. Bc4 Nf6 4. d3 h6 5. a4 Bc5 6. Be3 {[%emt 0:0:48] C55: Two Knights: 4 d3, 4 d4 exd4 5 e5 and Max Lange Attack.} Bxe3 7. fxe3 d6 8. O-O Be6 9. Bxe6 $146 ({Predecessor:} 9. Nbd2 O-O 10. Qe1 Nb4 11. Rc1 c6 12. Kh1 d5 13. Bb3 dxe4 14. Nxe4 Nxd3 15. cxd3 Bxb3 {0-1 Sukandar,I (2354)-Koneru,H (2431) Wch Rapid (Women) 2024 (11)} )fxe6 10. a5 O-O 11. a6 b5 12. Qe1 Rb8 13. Qc3 Rb6 14. b4 ({White should try} 14. Qb3 $11 )Qe7 15. Nbd2 d5 16. Rfb1 Qd6 17. h3 (17. Qc5 $15 )d4 $17 18. exd4 Nxd4 (18... exd4 $15 19. Qb2 e5 )19. Qc5 $11 Nd7 20. Qxd6 cxd6 21. c4 Ne2+ 22. Kh2 Rc8 23. Ra5 Nf4 24. Rb3 ({Much weaker is} 24. cxb5 Nxd3 25. Rb3 Nf4 $17 )Ne2 25. Rb1 Nf4 26. Rb3 Ne2 27. Rb1 Nf4 {[%emt 0:1:38] Weighted Error Value: White=0.13 (very precise) /Black=0.05 (flawless)   Mistake:       	White=2     	Black=1      Inaccurate:     	White=1     	Black=2      OK:         	White=5     	Black=11} 1/2-1/2

[Event "FIDE Women Candidates 2026"]
[White "Divya Deshmukh"]
[Black "Zhu,Jiner"]
[Site "Agios Georgios Pegeia"]
[Round "4.4"]
[Annotator "TA"]
[Result "0-1"]
[Date "2026.04.01"]
[WhiteElo "2497"]
[BlackElo "2578"]
[PlyCount "72"]
[TimeControl "60"]

1. c4 e5 2. Nc3 Bb4 3. Nd5 a5 4. Nf3 d6 5. a3 Bc5 6. e3 {[%emt 0:0:12] A21: English Opening: 1...e5 2 Nc3.} Nf6 7. d4 Nxd5 8. cxd5 {[%emt 0:0:35] The position is equal.} exd4 9. exd4 Bb6 10. Bg5 f6 11. Be3 O-O 12. h4 $146 (12. Qc2 $11 )({Predecessor:} 12. Bd3 f5 13. Qc2 f4 14. Bxh7+ Kh8 15. Bd2 Qe7+ 16. Kf1 Bg4 17. Re1 Qf6 18. h4 {1-0 Shankland,S (2712)-Yoo,C (2563) USA-ch Saint Louis 2022 (9)} )f5 $15 13. g3 Qe8 14. Bd3 Nd7 15. O-O h6 $1 16. Ne1 Nf6 17. Ng2 Nxd5 18. Bc4 Be6 19. Re1 {[%emt 0:9:30] [#]} Qf7 ({Black should try} 19... Qd7 $1 $17 20. Qb3 a4 )20. Bd2 c6 21. Qb3 ({Better is} 21. Rxe6 $1 $15 Qxe6 22. Nf4 )Kh7 (21... Bxd4 $17 22. Rxe6 Qxe6 23. Qxb7 Rac8 )22. a4 {[%emt 0:13:26] This move loses the game for White.} ({But not} 22. Bxd5 $2 Bxd5 23. Qd3 (23. Qxb6 $2 {loses.} Ra6 $19 )Be4 $19 )(22. Rxe6 $11 {and White stays safe.} a4 (22... Qxe6 $2 23. Qxb6 Qe4 24. Bxd5 $18 )23. Rxh6+ gxh6 24. Qd3 )Bxd4 $19 23. Re2 Be5 {[%emt 0:6:13][%cal Od5f4] ...Nf4! would now be deadly.} 24. Rae1 Nf4 25. gxf4 (25. Bxe6 $142 Nxe6 (25... Qxe6 $2 26. Re3 $19 )26. Qd3 )Bxc4 26. Qg3 Bf6 27. Re3 d5 28. Qh3 d4 29. Rg3 Qh5 {[%emt 0:0:21] Black is clearly winning.} 30. b4 axb4 31. Bxb4 Rfe8 32. Rc1 Bd5 33. Ne1 Rxa4 34. Bd6 Kh8 35. Be5 Bxe5 36. fxe5 d3 {[%emt 0:0:33] Weighted Error Value: White=0.70/Black=0.16 (very precise)   Loses game:     	White=1     	---        Mistake:       	White=3     	Black=2      Inaccurate:     	White=3     	Black=1      OK:         	White=2     	Black=7      Strong:       	---       	Black=1} 0-1

[Event "FIDE Women Candidates 2026"]
[White "Lagno,Kateryna"]
[Black "Assaubayeva,Bibisara"]
[Site "Agios Georgios Pegeia"]
[Round "5.1"]
[Annotator "TA"]
[Result "1-0"]
[Date "2026.04.03"]
[WhiteElo "2508"]
[BlackElo "2516"]
[PlyCount "79"]
[TimeControl "60"]

1. e4 c5 2. Nf3 Nc6 3. Nc3 g6 4. d4 cxd4 5. Nxd4 Bg7 6. Be3 Nf6 7. Nb3 O-O 8. Qd2 {[%emt 0:0:51] is now debated instead of 8.Be2.} d6 9. f3 a5 {[%emt 0:3:49] B76: Sicilian Dragon: Yugoslav Attack, 9 g4 and 9 0-0-0.} 10. a4 Nb4 11. O-O-O Bd7 {[%emt 0:2:56] White is better.} 12. Kb1 Rc8 $146 ({Predecessor:} 12... Qe8 13. Bb5 Rc8 14. Rc1 Bxb5 15. Nxb5 Nd7 16. Nxa5 Nc6 17. Nxc6 bxc6 18. Nc3 Ra8 {0-1 Sawlin,L (1520)-Grimm,C (1531) GER-chT U16 Uelzen 2007 (5.4)} )13. h4 ({Better is} 13. Nd4 $14 )Nh5 (13... Bxa4 $11 14. g4 (14. Nxa4 Rxc2 15. Qxc2 Nxc2 $15 )Qd7 )14. Bd4 $1 $14 e5 (14... Bxd4 $14 15. Nxd4 (15. Qxd4 Ng3 $14 )Ng3 )15. Bf2 $16 d5 16. exd5 (16. Nxd5 Bxa4 (16... Rxc2 17. Qe1 $16 )17. Nb6 Qxd2 18. Rxd2 Bxb3 19. cxb3 Rfd8 20. Rxd8+ Rxd8 $11 )Bf5 {[%emt 0:1:15] [#]} 17. Na1 {[%emt 0:7:23] Threatens to win with g4.} Nf6 18. g4 Rxc3 (18... Nfxd5 $142 19. Nxd5 (19. gxf5 Rxc3 20. fxg6 fxg6 $14 )Rxc2 20. Nxc2 Bxc2+ 21. Qxc2 Nxc2 )19. Qxc3 $18 (19. bxc3 Nbxd5 20. Be2 (20. gxf5 $2 Nxc3+ 21. Qxc3 Qxd1+ 22. Ka2 Nd5 $19 )Bxg4 $16 )Nfxd5 20. Qd2 (20. gxf5 $2 Nxc3+ 21. bxc3 Qxd1+ $19 )Be6 21. Nb3 (21. c4 Qe8 22. cxd5 Bxd5 $16 )(21. Bc5 $18 {has better winning chances.} )Qf6 $16 22. Be2 Rc8 23. c3 (23. Nxa5 $2 {perishes.} Rxc2 (23... Nxc2 24. g5 $17 )24. Qe1 e4 $19 )Nc6 $2 {[%emt 0:3:52] [#] Loses the game.} (23... Nxc3+ $16 24. bxc3 Bxb3 25. cxb4 Bc2+ 26. Qxc2 Rxc2 27. Kxc2 e4 )24. Nc5 $18 Nf4 25. Nxe6 ({Don't do} 25. Nxb7 Bd5 $18 )Nxe2 26. Qxe2 Qxe6 27. Qe4 Qb3 28. Rd7 b5 29. axb5 Qxb5 30. Qd5 Qxd5 31. Rxd5 f5 32. gxf5 Ne7 33. Rd7 Nxf5 34. h5 a4 35. hxg6 hxg6 36. Rg1 a3 (36... Rc6 $142 37. Ra7 Re6 38. Rxa4 Kh7 )37. Rxg6 {[%emt 0:0:20] White is clearly winning.} axb2 38. Kxb2 Kh7 39. Rf6 Nh6 40. Be3 {[%emt 0:0:20] Weighted Error Value: White=0.23 (precise) /Black=0.47   Loses game:     	---       	Black=1      Missed win:     	White=1     	---        Mistake:       	White=2     	Black=4      OK:         	White=10    	Black=6      Best:        	---       	Black=1      Strong:       	White=1     	---} 1-0

[Event "FIDE Women Candidates 2026"]
[White "Goryachkina,Aleksandra"]
[Black "Muzychuk,Anna"]
[Site "Agios Georgios Pegeia"]
[Round "5.2"]
[Annotator "TA"]
[Result "1/2-1/2"]
[Date "2026.04.03"]
[WhiteElo "2534"]
[BlackElo "2522"]
[PlyCount "57"]
[TimeControl "60"]

1. e4 c5 2. Nf3 Nc6 3. Bb5 g6 4. Bxc6 bxc6 5. O-O Bg7 6. Re1 e5 7. c3 Ne7 8. d4 cxd4 9. cxd4 exd4 10. Nxd4 O-O 11. Nc3 Rb8 12. Nb3 d5 {[%emt 0:0:18] B31: Sicilian: 2...Nc6 3 Bb5 g6.} 13. exd5 (13. Bg5 $14 d4 14. Ne2 )Nxd5 $11 14. Nxd5 Qxd5 15. Qxd5 cxd5 16. Bf4 Rb6 17. Be5 Be6 18. Bxg7 Kxg7 19. Rad1 $146 ({Predecessor:} 19. Rac1 d4 20. Nxd4 Bxa2 21. Rc7 a5 22. Ra7 Rxb2 23. Rxa5 Rd8 24. Nf3 Bd5 25. Ra3 Rc8 26. Rd3 Ba8 27. Rd2 Rxd2 {½-½ Drygalov,A (2481)-Zvjaginsev,V (2642) Wch Blitz St Petersburg 2018 (20)} )d4 20. Rxd4 {[%emt 0:0:56] The position is equal.} Bxb3 21. axb3 Rxb3 {[%emt 0:0:6][%mdl 4096] Endgame KRR-KRR} 22. Ra4 Rxb2 23. Rxa7 Re8 24. Raa1 Rd8 25. Rab1 Ra2 26. Ra1 Rb2 27. Rab1 Ra2 28. Ra1 Rb2 29. Rab1 {[%emt 0:0:5] A rather calm draw.   Weighted Error Value: White=0.07 (flawless) /Black=0.03 (flawless)   Mistake:       	White=1     	---        Inaccurate:     	---       	Black=1      OK:         	White=5     	---} 1/2-1/2

[Event "FIDE Women Candidates 2026"]
[White "Zhu,Jiner"]
[Black "Vaishali,Rameshbabu"]
[Site "Agios Georgios Pegeia"]
[Round "5.3"]
[Annotator "TA"]
[Result "1-0"]
[Date "2026.04.03"]
[WhiteElo "2578"]
[BlackElo "2470"]
[PlyCount "123"]
[TimeControl "60"]

1. e4 e5 2. Nf3 Nc6 3. Bc4 Nf6 4. d3 h6 5. O-O d6 6. a4 g6 {[%emt 0:0:36] C55: Two Knights: 4 d3, 4 d4 exd4 5 e5 and Max Lange Attack.} 7. a5 Bg7 8. a6 b6 {[%emt 0:3:57] White has an edge.} 9. Bb5 Bd7 10. c4 O-O 11. Nc3 Nd4 $146 ({Predecessor:} 11... Nb4 12. Bxd7 Qxd7 13. d4 exd4 14. Nxd4 Ng4 15. Ra4 Ne5 16. Rxb4 c5 17. Ra4 cxd4 {1-0 Sethuraman,S (2594)-Durarbayli,V (2627) Chessable Masters Play In rapid 2024 (4)} )12. Nxd4 (12. Bxd7 $14 Qxd7 13. b4 )exd4 $11 13. Bxd7 Nxd7 (13... Qxd7 $11 14. Ne2 c5 )14. Ne2 c6 15. f4 f5 (15... Rb8 $11 )16. Ng3 Nc5 (16... fxe4 $11 17. Nxe4 d5 18. cxd5 cxd5 )17. b4 $16 Ne6 18. Bd2 Qd7 19. h4 d5 {[%emt 0:11:38] [#]} 20. cxd5 cxd5 21. e5 {[%emt 0:0:8][%csl Oe5] White has a king side majority. White has a strong passed pawn} h5 22. Ne2 Qb5 23. Ra3 Rfc8 24. Qa1 (24. Qb1 $16 )Rc2 $14 25. Rd1 Kf7 26. Nxd4 Nxd4 27. Qxd4 Ke6 {[%emt 0:0:26] Black is on the road to losing.} ({Black should play} 27... Rac8 $14 )28. Rc3 $16 Rc8 29. Rxc8 Rxc8 30. Qe3 Bf8 31. Qg3 Qe8 {[%emt 0:2:33] [#]} 32. b5 ({Better is} 32. Rb1 $1 $18 )Be7 (32... Kf7 $142 )33. Rb1 Rc2 34. Be3 Rc3 35. Bd4 Rc2 36. Kh2 Bd8 37. Ra1 Qf7 38. Be3 Qe8 39. Kh3 Qf7 (39... Rc3 $16 {was necessary.} )40. Bc1 Be7 41. Ba3 Bxa3 42. Rxa3 $18 {[%emt 0:0:5][%mdl 4096] Endgame KQR-KQR. White is a pawn up.} Rc8 $2 (42... Rc1 43. Kh2 Kd7 )43. Qg5 Kd7 44. d4 Rg8 $2 (44... Qe7 45. Rg3 Qxg5 46. Rxg5 Rg8 )45. Rc3 Re8 46. Kh2 Re6 47. Qg3 Kd8 48. Qe1 Qe7 49. Kh3 Qe8 50. Qc1 Qd7 {[%emt 0:0:3] Inhibits Rc8+.} 51. Qc2 $2 (51. Kg3 )Re7 52. Qb3 $2 (52. Kh2 )Re6 53. Qb4 Ke8 {[%emt 0:0:25] Dodges Qf8+} 54. Rc2 Qd8 55. Qc3 Kd7 (55... Kf7 $142 56. Qc7+ Qxc7 57. Rxc7+ Re7 )56. Rc1 Qb8 57. Qb3 Qa8 58. Kg3 Ke8 59. Rc7 Re7 60. Rc6 Rd7 61. Qc2 Rd8 62. Rxg6 {[%emt 0:0:17] Weighted Error Value: White=0.26 (precise) /Black=0.63   Mistake:       	White=4     	Black=9      Inaccurate:     	White=5     	Black=4      OK:         	White=11    	Black=6} 1-0

[Event "FIDE Women Candidates 2026"]
[White "Tan,Zhongyi"]
[Black "Divya Deshmukh"]
[Site "Agios Georgios Pegeia"]
[Round "5.4"]
[Annotator "TA"]
[Result "1/2-1/2"]
[Date "2026.04.03"]
[WhiteElo "2535"]
[BlackElo "2497"]
[PlyCount "90"]
[TimeControl "60"]

1. d4 d5 2. c4 e6 3. Nf3 Nf6 4. cxd5 exd5 5. Nc3 c6 6. Bf4 Nh5 {[%emt 0:1:36] D35: Queen's Gambit Declined: Exchange Variation.} 7. Bg5 Be7 8. Bxe7 Qxe7 9. h3 g6 10. e3 Nd7 11. Be2 $146 ({Predecessor:} 11. Bd3 Nf4 12. O-O Nxd3 13. Qxd3 O-O 14. Rfe1 Nf6 15. Ne5 Bf5 16. Qd2 Rad8 17. f3 {0-1 Rustemov,A (2525)-Artemiev,V (2641) Titled Tuesday intern op 24th Feb blitz 2026 (5)} )Ng7 12. Qb1 a5 13. O-O O-O 14. a3 Nb6 15. b4 Bf5 16. Qb3 axb4 17. axb4 Rfc8 18. Ra5 Ne8 19. Rfa1 Rab8 20. Ra7 Nd6 21. Ne5 Nd7 22. Ng4 Kg7 23. b5 h5 24. Nh2 Ne4 25. Nf3 Nxc3 26. Qxc3 cxb5 27. Qb3 Nf6 28. Bxb5 Rc7 29. Ne5 Be6 30. Bd3 Ne8 31. Be2 Nd6 32. Nd3 Ne4 33. Qb6 Rbc8 34. Bf1 g5 (34... Bxh3 $5 35. gxh3 Qg5+ 36. Kh1 Rc2 37. Qxb7 Rxf2 38. Qxc8 (38. Nxf2 Nxf2+ 39. Kh2 Ng4+ 40. Kh1 Nf2+ 41. Kh2 Ng4+ 42. Kh1 Nf2+ $11 )Rxf1+ (38... Ng3+ 39. Kg1 $11 )39. Rxf1 Ng3+ 40. Kh2 Nxf1+ 41. Kh1 Ng3+ 42. Kh2 (42. Kg2 Ne4+ 43. Kf1 Qxe3 $11 )Nf1+ $11 (42... Qxe3 43. Rxf7+ Kxf7 44. Qc7+ Kf6 45. Qe5+ Kf7 46. Qxg3 $18 ))35. Ra8 Rc6 36. Qb5 g4 {[%emt 0:1:42] The position is equal.} 37. hxg4 hxg4 38. Rxc8 Rxc8 39. Nf4 g3 40. Nh5+ ({Inferior is} 40. Nxd5 gxf2+ 41. Kh2 Qh4# )Kh6 41. Nxg3 Nxg3 42. fxg3 Qg5 43. Qe2 Qxg3 44. Qf3 Qg5 45. Qf4 Rc3 {[%emt 0:4:17] Weighted Error Value: White=0.09 (flawless) /Black=0.26 (precise)   Inaccurate:     	White=3     	Black=5      OK:         	White=6     	Black=2} 1/2-1/2

[Event "FIDE Women Candidates 2026"]
[White "Zhu,Jiner"]
[Black "Muzychuk,Anna"]
[Site "Agios Georgios Pegeia"]
[Round "6.1"]
[Annotator "TA"]
[Result "0-1"]
[Date "2026.04.04"]
[WhiteElo "2578"]
[BlackElo "2522"]
[PlyCount "74"]
[TimeControl "60"]

1. e4 e5 2. Nf3 Nc6 3. Bc4 Bc5 4. d3 Nf6 5. Be3 Bxe3 6. fxe3 d6 {[%emt 0:0:17] C50: Hungarian Defence and Giuoco Pianissimo.} 7. Qd2 a6 $146 ({Predecessor:} 7... O-O 8. Bb3 a6 9. h3 Be6 10. Nc3 Na5 11. O-O c5 12. Bd5 Rc8 13. a4 h6 14. Qe1 {½-½ Sjugirov,S (2636)-Vitiugov,N (2676) FIDE Grand Swiss 2025 (11)} )8. Bb3 Be6 {[%emt 0:8:5] The position is equal.} 9. Nc3 Bxb3 10. axb3 d5 11. exd5 Nxd5 12. O-O O-O 13. Ne4 Qe7 14. Ng3 g6 15. e4 Nf6 16. Kh1 Nd7 17. Ne2 Rad8 18. Rf2 Nc5 19. Nc3 Nb4 {[%emt 0:9:21] Wards off Nd5} 20. Raf1 f6 21. h4 (21. Qh6 $11 )Ne6 22. Nh2 (22. h5 $11 {keeps the balance.} )Nd4 $17 23. Qd1 f5 {[%emt 0:6:15][%csl Od4] Strong Square Black (d4) Black is much more active.} 24. g3 (24. h5 $17 )f4 $19 25. gxf4 Rxf4 26. h5 Ndxc2 27. Rxc2 Rxf1+ 28. Nxf1 Nxc2 29. Qxc2 Qh4+ 30. Nh2 Rf8 {[%emt 0:1:29][%mdl 1024] Black has strong compensation.} 31. Nd1 {[%emt 0:0:54] Dodges Rf2} Qxh5 (31... gxh5 $142 32. Qg2+ Kh8 )32. Ne3 (32. Nf2 $17 )c6 $2 $40 {[%emt 0:3:3][%mdl 128] [#] Black is up to no good.} ({Black should play} 32... Qh3 $19 33. Qe2 Qg3 )33. Qc4+ $15 Kg7 34. Neg4 $2 {[%emt 0:2:26][%mdl 8192] Now White is beyond hope.} (34. Qe6 $15 )Qh3 $19 35. Qc1 {[%emt 0:4:19] Black is clearly winning. Dodges Rf1+} Qxd3 36. Qe1 Rf4 37. Nf2 (37. Nxe5 $142 Qxe4+ 38. Qxe4 Rxe4 39. Nc4 )Qg3 {[%emt 0:1:5] Weighted Error Value: White=0.59/Black=0.17 (very precise)   Loses game:     	White=1     	---        Mistake:       	White=5     	Black=2      Inaccurate:     	---       	Black=3      OK:         	White=3     	Black=3} 0-1

[Event "FIDE Women Candidates 2026"]
[White "Lagno,Kateryna"]
[Black "Vaishali,Rameshbabu"]
[Site "Agios Georgios Pegeia"]
[Round "6.2"]
[Annotator "TA"]
[Result "0-1"]
[Date "2026.04.04"]
[WhiteElo "2508"]
[BlackElo "2470"]
[PlyCount "94"]
[TimeControl "60"]

1. e4 e5 2. Bc4 Nf6 3. Nc3 Nc6 4. d3 Bb4 5. Nf3 h6 6. O-O Bxc3 7. bxc3 O-O $1 {[%emt 0:0:13] 7...0-0 is better than 7...d6.} 8. Re1 d6 9. h3 Na5 {[%emt 0:0:36] C28: Vienna Game: 2...Nf6 3 Bc4 Nc6.} 10. Bb3 c5 11. c4 $146 ({Predecessor:} 11. Nd2 Be6 12. c4 Nc6 13. Nf1 Kh8 14. Ng3 Ng8 15. f4 f6 16. f5 Bc8 17. Nh5 {1-0 Ju,W (2559)-Muzychuk,A (2505) Norway Chess Armageddon (Women) 12th rapid 2024 (2)} )Nh7 {[%emt 0:3:57] The position is equal.} 12. c3 f5 13. exf5 Bxf5 14. d4 e4 15. Nh2 b6 16. Qh5 Qf6 17. Be3 {[%emt 0:0:15] A sharp opening} Rae8 18. Rad1 Be6 19. Qe2 (19. Ng4 $11 Qf5 20. Qxf5 Bxf5 21. Nh2 )Qf7 20. d5 Bc8 21. Ba4 Re7 22. Nf1 h5 23. Nd2 Qf6 ({Black should play} 23... g5 $11 )24. Rc1 (24. Qxh5 $14 Re5 25. Qe2 )Qh4 25. Bc2 Bf5 26. Nb3 (26. Bd1 $11 )Nb7 {[%emt 0:4:46] Black is more active.} (26... Nxb3 $17 27. axb3 Re5 (27... Bxh3 28. g3 $15 ))27. Bd1 g6 28. a4 Re5 29. Qd2 (29. Qf1 $11 )Bxh3 $17 30. Bh6 Rf7 $40 {[%emt 0:3:20][%mdl 128] aiming for ...Bg4. Black attacks with force.} 31. Re3 (31. Qe3 $142 )Bg4 $19 32. Bc2 {[%emt 0:0:12] [#]} Bf3 33. gxf3 (33. Bxe4 {was called for.} Bxe4 34. a5 )exf3 {[%emt 0:0:12] ( -> ...Qg4+)} 34. Qd3 Rff5 $4 (34... Rxe3 $19 {and all is fine.} 35. Bxe3 Rf5 )35. Rxf3 $18 Ng5 36. Bxg5 (36. Rxf5 $18 Nh3+ (36... Rxf5 $2 {loses.} 37. Qg3 $18 )37. Kg2 Rxf5 38. Rf1 Nf4+ 39. Bxf4 Qxf4 40. Qe4 Rg5+ 41. Kh1 Qxe4+ 42. Bxe4 )Rxg5+ $16 37. Rg3 Qh3 (37... Qf4 $16 )38. Qf1 $4 (38. Qf3 $18 )Rxg3+ $19 {[%emt 0:0:21] Black is clearly winning.} 39. fxg3 Qxg3+ 40. Qg2 Qe3+ 41. Kh2 Rg5 42. Qh3 Qf4+ 43. Kh1 Rg3 44. Qe6+ Kg7 {[%emt 0:0:14] [#] ( -> ...Qh4+)} 45. Qe7+ Kh6 46. Be4 {[%emt 0:2:55] Inhibits Qf3+.} Rg5 47. Bg2 Qh4+ {[%emt 0:0:6] Weighted Error Value: White=0.67/Black=0.26 (precise)   Missed win:     	White=1     	Black=1      Mistake:       	White=7     	Black=3      Inaccurate:     	White=1     	Black=2      OK:         	White=3     	Black=6      Best:        	White=1     	---} 0-1